[Event "Team 45 45 League T39"]
[Site "Internet Chess Club"]
[Date "2008.11.17"]
[Round "4"]
[White "nardz"]
[Black "fledermaus"]
[Result "1-0"]
[WhiteElo "2171"]
[BlackElo "1976"]
[Opening "QGD: semi-Slav"]
[ECO "D31"]
[Time "19:02:16"]
[TimeControl "2700+45"]

1. d4 d5 2. c4 e6 3. Nc3 c6 4. cxd5 exd5 5. Nf3 Bf5 6. Bg5 Be7 7. Bxe7 Qxe7 8.
e3 Nf6 9. Be2 O-O 10. O-O Nbd7 11. a3 Ne4 12. Nxe4 Bxe4 13. Rc1 Qd6 14. Nd2 Bg6
15. Nb3 Rae8 16. Nc5 Nxc5 17. Rxc5 Re6 18. Bd3 Rfe8 19. b4 a6 20. a4 Be4 21.
Bxe4 dxe4 22. b5 axb5 23. axb5 Rh6 24. Rh5 Ree6 25. Rxh6 Rxh6 26. h3 Re6 27.
bxc6 bxc6 28. Qa4 h6 29. Rc1 Kh7 30. Rc5 Rg6 31. Qc2 Qe6 32. Re5 Qxh3 33. Qxe4
Qc8 34. Re8 Qc7 35. Re7 Qa5 36. Rxf7 Qe1+ 37. Kh2 Qd1 38. g3 Qe2 39. Kg2 Qc4 40.
Rf5 Qg8 41. Re5 Qf7 42. Re7 Qc4 43. Qf5 Qg8 44. e4 Qc4 45. d5 h5 46. Re6 {Black
resigns} 1-0

[Event "Team 45 45 League T39"]
[Site "Internet Chess Club"]
[Date "2008.11.15"]
[Round "4"]
[White "cgrau"]
[Black "Bookkeeper"]
[Result "0-1"]
[WhiteElo "1815"]
[BlackElo "1605"]
[Opening "Polish: Outflank variation"]
[ECO "A00"]
[Time "09:31:23"]
[TimeControl "2700+45"]

1. b4 c6 2. Bb2 d5 3. e3 Bf5 4. c4 e6 5. b5 Nf6 6. Nf3 Bd6 7. Be2 O-O 8. O-O
Nbd7 9. d4 Rc8 10. c5 Bb8 11. Qb3 cxb5 12. Bxb5 Qc7 13. Nbd2 Ne4 14. g3 Ndf6 15.
Ne5 Nxd2 {White resigns} 0-1

[Event "Team 45 45 League T39"]
[Site "Internet Chess Club"]
[Date "2008.11.14"]
[Round "4"]
[White "RingLord"]
[Black "crag"]
[Result "1-0"]
[WhiteElo "1614"]
[BlackElo "1512"]
[Opening "French: advance variation"]
[ECO "C02"]
[Time "17:15:25"]
[TimeControl "2700+45"]

1. e4 e6 2. d4 d5 3. e5 c5 4. c3 Qb6 5. Nf3 Nc6 6. a3 cxd4 7. cxd4 Nge7 8. b4
Nf5 9. Bb2 Bd7 10. Be2 Rc8 11. O-O Be7 12. Bd3 Nfxd4 13. Nxd4 Nxd4 14. Qg4 Nf5
15. Bxf5 exf5 16. Qxg7 Rf8 17. Nc3 Qd4 18. Rfd1 Qh4 19. Nxd5 Rc2 20. Bd4 a6 21.
Nxe7 Qxe7 22. Bc5 Rxc5 23. bxc5 Qxc5 24. Rac1 Qb6 25. Rxd7 {Black resigns} 1-0

[Event "Team 45 45 League T39"]
[Site "Internet Chess Club"]
[Date "2008.11.13"]
[Round "4"]
[White "houseofcook"]
[Black "dougmo"]
[Result "0-1"]
[WhiteElo "1423"]
[BlackElo "1540"]
[Opening "French: advance, Euwe variation"]
[ECO "C02"]
[Time "13:00:08"]
[TimeControl "2700+45"]

1. e4 e6 2. d4 d5 3. e5 c5 4. c3 Nc6 5. Nf3 Bd7 6. Be2 cxd4 7. cxd4 Nge7 8. Nc3
Nf5 9. O-O Be7 10. a3 O-O 11. g4 Nh4 12. Nxh4 Bxh4 13. b4 Rc8 14. Bf4 f6 15. Rc1
fxe5 16. Bxe5 Nxe5 17. dxe5 Bg5 18. Rc2 Bf4 19. Bb5 Bxb5 20. Nxb5 Rxc2 21. Qxc2
Qh4 22. f3 Bxe5 23. Nxa7 Bd4+ {White resigns} 0-1

[Event "Team 45 45 League T39"]
[Site "Internet Chess Club"]
[Date "2008.11.15"]
[Round "4"]
[White "fibin"]
[Black "AndersO"]
[Result "0-1"]
[WhiteElo "1514"]
[BlackElo "1451"]
[Opening "French: advance variation"]
[ECO "C02"]
[Time "11:00:14"]
[TimeControl "2700+45"]

1. e4 e6 2. d4 d5 3. e5 c5 4. Bb5+ Bd7 5. Bxd7+ Qxd7 6. Nf3 Nc6 7. Nc3 cxd4 8.
Ne2 Qc7 9. Nexd4 Nxe5 10. Bf4 Nxf3+ 11. Qxf3 e5 12. Bg3 Qa5+ 13. Kd1 exd4 14.
Re1+ Be7 15. Bd6 Qd8 16. Qg3 g6 17. Be5 f6 18. Bxd4 Kf7 19. Qe3 Qd7 20. Kd2 Bd6
21. Qf3 Bc7 22. Rad1 Qf5 23. Qb3 b6 24. Kc1 Qd7 25. Bc3 Rd8 26. h3 Ne7 27. g4
Rhe8 28. Bd2 Nc6 29. Bh6 Rxe1 30. Rxe1 Re8 31. Rd1 Qe6 32. Qf3 d4 33. a3 a5 34.
g5 f5 35. Qd3 Qa2 36. Qb5 Bf4+ {White forfeits on time} 0-1

[Event "Team 45 45 League T39"]
[Site "Internet Chess Club"]
[Date "2008.11.13"]
[Round "4"]
[White "Python132"]
[Black "npranav"]
[Result "1-0"]
[WhiteElo "1792"]
[BlackElo "1623"]
[Opening "King's Indian: 5.Nf3"]
[ECO "E90"]
[Time "18:56:52"]
[TimeControl "2700+45"]

1. d4 Nf6 2. c4 g6 3. Nc3 Bg7 4. e4 d6 5. Nf3 Nc6 6. d5 Ne5 7. Nxe5 dxe5 8. Be2
O-O 9. O-O e6 10. Be3 Qe7 11. Qb3 exd5 12. Nxd5 Nxd5 13. cxd5 Rd8 14. Rac1 b6
15. Qc3 Bb7 16. Qxc7 Rd7 17. Qc3 Rc8 18. Qb3 Rdc7 19. Rxc7 Rxc7 20. Rd1 Qh4 21.
d6 Rd7 22. f3 Qd8 23. Qa3 Qb8 24. Bb5 Rd8 25. d7 Bc8 26. dxc8=Q Qxc8 27. Rxd8+
Qxd8 28. Qd3 Qc7 29. Qd7 Qc2 30. Qd8+ Bf8 31. Bh6 Qc5+ 32. Kh1 Qb4 33. Qxf8+
Qxf8 34. Bxf8 Kxf8 35. Kg1 Ke7 36. Kf2 Kd6 37. b4 Kc7 38. Ke3 Kb7 39. Kd3 a6 40.
Be8 f6 41. Kc4 Kc7 42. Kd5 Kd8 43. Ba4 b5 44. Bb3 Kd7 45. a3 h6 46. Kc5 Kc7 47.
Bf7 g5 48. Bg6 Kb7 49. Kd6 Kb6 50. Ke6 a5 51. Kxf6 Ka6 52. Kxe5 axb4 53. axb4
Kb6 54. Kd6 Kb7 55. e5 Kc8 56. e6 Kd8 57. e7+ Kc8 58. e8=Q+ Kb7 59. Qc6+ Kb8 60.
Be4 g4 61. Qb7# {Black checkmated} 1-0

[Event "Team 45 45 League T39"]
[Site "Internet Chess Club"]
[Date "2008.11.16"]
[Round "4"]
[White "civilization"]
[Black "LOTRELF"]
[Result "1-0"]
[WhiteElo "1622"]
[BlackElo "1654"]
[Opening "Sicilian: Alapin's variation (2.c3)"]
[ECO "B22"]
[Time "12:05:28"]
[TimeControl "2700+45"]

1. e4 c5 2. c3 d6 3. d4 cxd4 4. cxd4 Nf6 5. Nc3 g6 6. Nf3 Bg7 7. Bb5+ Bd7 8.
Bxd7+ Qxd7 9. O-O O-O 10. Re1 Rd8 11. Bf4 Nc6 12. Rc1 a6 13. Qd2 Rac8 14. a3 b5
15. b4 Rc7 16. Bh6 Rdc8 17. Bxg7 Kxg7 18. Rc2 e6 19. Rec1 Ne7 20. Qe2 Rc6 21. e5
Ne8 22. Ne4 Rxc2 23. Rxc2 Rxc2 24. Qxc2 dxe5 25. Nc5 Qc8 26. dxe5 Nd5 27. Ng5
Kg8 28. Nge4 Qc7 29. Qb2 a5 30. g3 axb4 31. axb4 Qa7 32. Qe2 Qa1+ 33. Kg2 Qxe5
34. Qxb5 Nef6 35. Nxf6+ Nxf6 36. Qc6 Qd5+ 37. Qxd5 Nxd5 38. b5 Kf8 39. Kf3 Ke8
40. Ke4 Kd8 41. Ke5 Kc7 42. Na4 h6 43. h4 h5 44. f3 Kd7 45. f4 Kc7 46. b6+ Nxb6
47. Nxb6 Kxb6 48. Kf6 Kc6 49. Kxf7 Kd6 50. Kxg6 Ke7 51. Kxh5 Kf7 52. Kg5 Kg7 53.
h5 Kh7 54. Kf6 Kh6 55. g4 Kh7 56. Kxe6 Kh6 57. f5 Kg7 58. Ke7 Kh6 59. f6 Kh7 60.
f7 Kh6 61. f8=Q+ Kh7 62. Qf5+ Kh6 63. Qg6# {Black checkmated} 1-0

[Event "Team 45 45 League T39"]
[Site "Internet Chess Club"]
[Date "2008.11.16"]
[Round "4"]
[White "Crush1000"]
[Black "dkinla"]
[Result "1-0"]
[WhiteElo "1353"]
[BlackElo "1458"]
[Opening "Queen's pawn: Torre attack"]
[ECO "A40"]
[Time "21:00:14"]
[TimeControl "2700+45"]

1. d4 e6 2. Nf3 Nf6 3. Bg5 d6 4. Nc3 Be7 5. e3 O-O 6. Bd3 h6 7. Bh4 Nbd7 8. O-O
Re8 9. e4 e5 10. Bc4 a5 11. dxe5 dxe5 12. Bxf6 Bxf6 13. Qd2 b6 14. Bb5 Bg5 15.
Nxg5 Qxg5 16. Qxg5 hxg5 17. Rfd1 Rd8 18. Nd5 Kf8 19. Nxc7 Rb8 20. Rd2 Rb7 21.
Nd5 Nc5 22. f3 Ne6 23. Ba6 Rb8 24. Bxc8 Rbxc8 25. Rad1 b5 26. Ne3 Re8 27. Nf5
Rb8 28. Ne3 g6 29. Ng4 f5 30. Nxe5 Kg7 31. Rd7+ Kf6 32. Rf7+ Kxe5 33. Rd5+ Kf4
34. Kf2 g4 35. Rfxf5+ gxf5 36. Rxf5# {Black checkmated} 1-0

[Event "Team 45 45 League T39"]
[Site "Internet Chess Club"]
[Date "2008.11.13"]
[Round "4"]
[White "Ehab"]
[Black "Timotheous"]
[Result "1-0"]
[WhiteElo "1907"]
[BlackElo "1684"]
[Opening "Sicilian: accelerated fianchetto, modern variation"]
[ECO "B34"]
[Time "20:01:11"]
[TimeControl "2700+45"]

1. e4 c5 2. Nf3 Nc6 3. d4 cxd4 4. Nxd4 g6 5. Nc3 Bg7 6. Be3 Nf6 7. Nxc6 bxc6 8.
e5 Ng8 9. Bd4 e6 10. Ne4 Qa5+ 11. b4 Qxb4+ 12. c3 Qa5 13. Nd6+ Kf8 14. Qf3 Nh6
15. Bd3 Nf5 16. Bxf5 exf5 17. O-O Ba6 18. Rfe1 Rg8 19. Qe3 Ke7 20. Rad1 Qd5 21.
Nxf5+ Ke6 22. Nxg7+ Rxg7 23. Qh3+ Ke7 24. e6 {Black resigns} 1-0

[Event "Team 45 45 League T39"]
[Site "Internet Chess Club"]
[Date "2008.11.14"]
[Round "4"]
[White "OGO"]
[Black "Ghashgork"]
[Result "0-1"]
[WhiteElo "1616"]
[BlackElo "1718"]
[Opening "Pirc defense"]
[ECO "B07"]
[Time "16:34:07"]
[TimeControl "2700+45"]

1. e4 d6 2. d4 Nf6 3. Nc3 e5 4. dxe5 dxe5 5. Qxd8+ Kxd8 6. Bg5 Be6 7. O-O-O+ Nd7
8. Nf3 Bd6 9. Nb5 Ke7 10. Be2 h6 11. Bh4 g5 12. Bg3 Nxe4 13. Ne1 Nxg3 14. hxg3
a6 15. Nxd6 cxd6 16. f4 g4 17. Nd3 e4 18. Nf2 f5 19. Kb1 Nf6 20. Rhe1 Rac8 21.
Rd4 Rc6 22. b3 Rhc8 23. Bd1 Nd5 24. c4 Nf6 25. Be2 d5 26. Rc1 dxc4 27. Bxc4 Bxc4
28. Rcxc4 Rxc4 29. Rxc4 Rxc4 30. bxc4 e3 31. Nd3 Ne4 32. Kc2 b6 33. a3 Nxg3 34.
Ne5 Ne2 35. Kd3 Nxf4+ 36. Kxe3 Nxg2+ 37. Kf2 Nf4 38. Nc6+ Kd6 39. Nd4 Ke5 40.
Nc2 h5 41. Nb4 a5 42. Nc6+ Ke4 43. Na7 Nd3+ 44. Kf1 Nb2 {White resigns} 0-1

[Event "Team 45 45 League T39"]
[Site "Internet Chess Club"]
[Date "2008.11.17"]
[Round "4"]
[White "chicopee-ed"]
[Black "RD1974"]
[Result "1-0"]
[WhiteElo "1457"]
[BlackElo "1622"]
[Opening "Queen's pawn game"]
[ECO "A46"]
[Time "18:01:37"]
[TimeControl "2700+45"]

1. d4 Nf6 2. Nf3 e6 3. Bf4 d5 4. e3 Nbd7 5. c4 Be7 6. Bd3 O-O 7. O-O c5 8. Nc3
cxd4 9. exd4 dxc4 10. Bxc4 Nb6 11. Bd3 Nbd5 12. Bg3 a6 13. Ng5 h6 14. Nf3 b5 15.
Re1 Bb7 16. Rc1 Re8 17. Ne5 Rc8 18. Nxd5 Rxc1 19. Qxc1 Qxd5 20. Nf3 Rc8 21. Qb1
Bb4 22. Rd1 Bd6 23. Bxd6 Qxd6 24. Rc1 Rxc1+ 25. Qxc1 g6 26. Ne5 Kg7 27. Qxh6+
Kxh6 28. Nxf7+ Kh5 29. Nxd6 Bd5 30. a3 g5 31. Nf7 g4 32. Be2 Nd7 33. h3 Kg6 34.
Ne5+ Nxe5 35. dxe5 gxh3 36. gxh3 Kf5 37. Bg4+ Kxe5 38. Kf1 Kf4 39. f3 Ke3 40. b4
e5 41. h4 e4 42. fxe4 Bxe4 43. Bc8 Kd4 44. Bxa6 Bd3+ 45. Kf2 Kc3 46. Ke3 Bc4 47.
h5 Kb3 48. Kd4 Kxa3 49. Kc5 Ka4 50. Bb7 Be2 51. h6 Bd3 52. Bc6 Kb3 53. Bxb5 Bh7
54. Bc4+ Ka4 55. b5 Ka5 56. b6 Be4 57. h7 Bxh7 58. b7 Bd3 59. Bxd3 Ka4 60. b8=Q
Ka3 61. Qb4+ Ka2 62. Kc4 Ka1 63. Qb1# {Black checkmated} 1-0

[Event "Team 45 45 League T39"]
[Site "Internet Chess Club"]
[Date "2008.11.16"]
[Round "4"]
[White "Skyler"]
[Black "knight2f3"]
[Result "1/2-1/2"]
[WhiteElo "1395"]
[BlackElo "1531"]
[Opening "Queen's pawn: London system"]
[ECO "A45"]
[Time "15:08:36"]
[TimeControl "2700+45"]

1. d4 Nf6 2. Bf4 c5 3. e3 cxd4 4. exd4 b6 5. c3 Bb7 6. Nf3 d6 7. Be2 e6 8. O-O
Be7 9. Nbd2 O-O 10. Rc1 a6 11. c4 Nbd7 12. Nb3 Rc8 13. h3 Rc6 14. Rc3 Qa8 15.
Qc2 Rcc8 16. Rc1 Ne4 17. Rd3 Rc7 18. Qd1 Rfc8 19. Nbd2 Ndf6 20. b4 Rc6 21. Rb3
Bd8 22. Rb2 Bc7 23. Rbc2 Qb8 24. a4 b5 25. cxb5 Rxc2 26. Rxc2 axb5 27. Bxb5 Nxd2
28. Qxd2 Nd5 29. Bg3 Qa7 30. a5 Qb8 31. Ba4 Ba6 32. Rb2 Bb5 33. Bb3 Ba6 34. Bxd5
exd5 35. b5 Bb7 36. b6 Bd8 37. Rc2 Rc4 38. Qd3 Ba6 39. Qb3 Bf6 40. b7 Qxb7 41.
Qxb7 Bxb7 42. Rxc4 dxc4 43. Kf1 d5 44. Ke1 Kf8 45. Kd2 Ke8 46. Kc2 Kd7 47. Kc3
Be7 48. Bh2 Kc6 49. Ne5+ Kb5 50. Nxf7 Kxa5 51. Be5 g6 52. Nh6 Bc6 53. Ng8 Bb4+
54. Kb2 Ba4 55. Bf4 c3+ 56. Ka2 Kb5 57. Nh6 Kc4 58. Nf7 Kxd4 59. Bg5 Kd3 60. f3
c2 61. Kb2 Bc3+ 62. Kc1 Ke2 63. Bf4 d4 64. Ne5 Bb3 65. h4 Kf2 66. g3 Ke2 67. Bh6
d3 68. Nxd3 Kxd3 69. Bg5 Ke2 70. Bh6 Kxf3 71. Bf4 h6 72. Bxh6 Kxg3 73. Bg5 Kg4
74. Bd8 Be1 75. Bg5 Bxh4 76. Bxh4 Kxh4 77. Kb2 g5 78. Kc1 g4 79. Kb2 g3 80. Kc1
g2 81. Kb2 g1=Q 82. Kxb3 c1=Q 83. Ka2 Qc3 {White stalemated} 1/2-1/2

[Event "Team 45 45 League T39"]
[Site "Internet Chess Club"]
[Date "2008.11.16"]
[Round "4"]
[White "Juan73"]
[Black "tourettes"]
[Result "0-1"]
[WhiteElo "1669"]
[BlackElo "1710"]
[Opening "French: exchange, Svenonius variation"]
[ECO "C01"]
[Time "08:21:50"]
[TimeControl "2700+45"]

1. e4 e6 2. d4 d5 3. exd5 exd5 4. Nc3 Nf6 5. Bg5 Be7 6. Bd3 Nbd7 7. Nf3 O-O 8.
Be3 Re8 9. Qd2 c6 10. h3 b6 11. g4 Bd6 12. O-O-O Ne4 13. Bxe4 dxe4 14. Ne1 Qc7
15. Ng2 Ba6 16. Bf4 Bc4 17. d5 cxd5 18. Nxd5 Bxd5 19. Bxd6 Qxd6 20. Qxd5 Qxd5
21. Rxd5 Nf6 22. Rd4 h6 23. Ne3 Rac8 24. Rhd1 Kf8 25. h4 Rc5 26. Rg1 g5 27. hxg5
Rxg5 28. Kd2 h5 29. Rd6 Nxg4 30. Nd5 Rf5 31. Rg2 Rxf2+ 32. Rxf2 Nxf2 33. Nf6 e3+
34. Ke2 Re7 35. Nxh5 Re5 36. Nf4 Ng4 37. Nd3 Re7 38. Nf4 Re5 39. Rd4 Nf2 40. Nd5
f5 41. Nxe3 Ng4 42. Kf3 Nxe3 43. Kf4 Re7 44. c3 Kf7 45. Rd3 Re4+ 46. Kf3 Nc4 47.
Rd7+ Ke6 48. Rxa7 Nxb2 49. Ra8 Rc4 50. Re8+ Kf7 51. Re3 Na4 52. Rd3 Nxc3 53.
Rd7+ Ke6 54. Ra7 Ra4 55. Rb7 Nd5 56. Rb8 Rxa2 57. Re8+ Kf7 58. Rd8 Ke6 59. Re8+
Ne7 60. Rb8 Rb2 61. Kf4 Rb4+ 62. Kf3 b5 63. Rb6+ Ke5 64. Rb7 Nd5 65. Rb8 Rb3+
66. Kf2 Kf4 67. Rd8 Rb2+ 68. Ke1 Ke4 69. Re8+ Kd4 70. Rf8 f4 71. Kd1 b4 72. Kc1
Rh2 73. Kb1 Kc3 74. Rd8 Kb3 75. Kc1 Nc3 76. Rd3 Rc2# {White checkmated} 0-1

[Event "Team 45 45 League T39"]
[Site "Internet Chess Club"]
[Date "2008.11.15"]
[Round "4"]
[White "crankn8tr"]
[Black "Kravier"]
[Result "0-1"]
[WhiteElo "1561"]
[BlackElo "1523"]
[Opening "Sicilian: Kan, 5.Nc3"]
[ECO "B43"]
[Time "11:10:24"]
[TimeControl "2700+45"]

1. e4 c5 2. Nf3 e6 3. d4 cxd4 4. Nxd4 a6 5. Nc3 Bb4 6. a3 Ba5 7. b4 Bb6 8. Be2
Qc7 9. Bb2 d6 10. O-O Nf6 11. Qd2 Nc6 12. Nxc6 bxc6 13. Rad1 d5 14. exd5 cxd5
15. Na4 Ne4 16. Qd3 O-O 17. Nxb6 Qxb6 18. Bd4 Qc7 19. f3 Nd6 20. Bc5 Bb7 21. Qe3
Nf5 22. Qf2 Rfd8 23. Bd3 Ne7 24. Qh4 Ng6 25. Bxg6 hxg6 26. Rd3 a5 27. f4 axb4
28. axb4 f6 29. Re3 Ra2 30. Rxe6 Rxc2 31. Qg3 d4 32. Qb3 Rxg2+ {White resigns}
0-1

[Event "Team 45 45 League T39"]
[Site "Internet Chess Club"]
[Date "2008.11.16"]
[Round "4"]
[White "PANAMA-REY"]
[Black "slipkid"]
[Result "1-0"]
[WhiteElo "1508"]
[BlackElo "1584"]
[Opening "Giuoco Piano"]
[ECO "C50"]
[Time "12:59:24"]
[TimeControl "2700+45"]

1. e4 e5 2. Nf3 Nc6 3. Bc4 Bc5 4. a3 Nf6 5. Nc3 a5 6. d3 O-O 7. h3 Re8 8. O-O d6
9. Bg5 Be6 10. Kh1 Bxc4 11. dxc4 Nd4 12. Nd5 Re6 13. Nxf6+ gxf6 14. Bh6 f5 15.
Bg5 Qd7 16. c3 Nxf3 17. Qxf3 fxe4 18. Qg4 Kf8 19. Rae1 Rd8 20. Bxd8 {Black
resigns} 1-0

[Event "Team 45 45 League T39"]
[Site "Internet Chess Club"]
[Date "2008.11.16"]
[Round "4"]
[White "Fogbound"]
[Black "betto2506"]
[Result "0-1"]
[WhiteElo "1251"]
[BlackElo "1470"]
[Opening "Queen's pawn game"]
[ECO "A46"]
[Time "14:00:10"]
[TimeControl "2700+45"]

1. d4 Nf6 2. Nf3 d6 3. Bg5 Ne4 4. Bh4 c6 5. c3 d5 6. h3 h6 7. Nbd2 Nd6 8. e3 Nf5
9. Bd3 Nxh4 10. Nxh4 e5 11. Ng6 fxg6 12. Bxg6+ Kd7 13. dxe5 Qg5 14. Bh5 Qxe5 15.
Nc4 Qf6 16. O-O Bd6 17. Nxd6 Qxd6 18. Qg4+ Kd8 19. Qxg7 Qf8 20. Qd4 Na6 21. Qh4+
Qe7 22. Qd4 Rg8 23. Bf3 Bxh3 24. Rfe1 Kc7 25. Qf4+ Qd6 26. Rad1 Qxf4 27. exf4
Nc5 28. Re7+ Nd7 29. g3 Rae8 30. Rde1 Kd6 31. R7e2 Nf6 32. Kh2 Bd7 33. Kg2 Rxe2
34. Rxe2 Re8 35. Rxe8 Bxe8 36. g4 b6 37. g5 hxg5 38. fxg5 Nh7 39. Kg3 Nxg5 40.
Bd1 Ne4+ 41. Kf3 Bh5+ 42. Ke3 Bxd1 43. f3 Nf6 44. Kf4 c5 45. Kg5 Ke6 46. Kf4 a5
47. Ke3 Nd7 48. f4 Kf5 49. Kd2 Ba4 50. Ke3 Bc2 51. Kf3 b5 52. Ke3 Bb1 53. Kf3
Bxa2 {White resigns} 0-1

[Event "Team 45 45 League T39"]
[Site "Internet Chess Club"]
[Date "2008.11.16"]
[Round "4"]
[White "Cotesita"]
[Black "Slartibartfast"]
[Result "1/2-1/2"]
[WhiteElo "1641"]
[BlackElo "1642"]
[Opening "King's Indian: Four pawns attack"]
[ECO "E76"]
[Time "12:26:55"]
[TimeControl "2700+45"]

1. d4 g6 2. c4 Bg7 3. Nc3 d6 4. e4 Nf6 5. f4 O-O 6. Nf3 c5 7. d5 e6 8. Be2 exd5
9. exd5 Bf5 10. O-O Na6 11. a3 Re8 12. Re1 Qd7 13. Bd3 Rxe1+ 14. Nxe1 Ng4 15.
Nc2 Bxd3 16. Qxd3 Re8 17. Bd2 Nh6 18. h3 Nc7 19. Rf1 Qf5 20. Qxf5 Nxf5 21. Kh2
h5 22. Re1 {Game drawn by mutual agreement} 1/2-1/2

[Event "Team 45 45 League T39"]
[Site "Internet Chess Club"]
[Date "2008.11.13"]
[Round "4"]
[White "UglyJames"]
[Black "musk6868"]
[Result "0-1"]
[WhiteElo "1238"]
[BlackElo "1576"]
[Opening "Two knights defense"]
[ECO "C58"]
[Time "20:00:41"]
[TimeControl "2700+45"]

1. e4 e5 2. Nf3 Nc6 3. Bc4 Nf6 4. Ng5 d5 5. exd5 Na5 6. Bb5+ c6 7. dxc6 bxc6 8.
Ba4 h6 9. Nf3 e4 10. Ne5 Qd4 11. Bxc6+ Nxc6 12. Nxc6 Qc5 13. Nxa7 Rxa7 14. d3
exd3 15. Be3 Qe5 16. O-O Bd6 17. g3 dxc2 18. Qxc2 Rc7 19. Qa4+ Bd7 20. Qa6 O-O
21. Bf4 Rc6 22. Qxc6 Bxc6 23. Bxe5 Bxe5 24. Nc3 Rb8 25. Rab1 Ne4 26. Nxe4 Bxe4
27. Rbe1 f5 28. b3 Ra8 29. Re2 Kf7 30. g4 Re8 31. Re3 Bf4 32. Re2 Ra8 33. Rfe1
Bd6 34. gxf5 Bxf5 35. a4 Bb4 36. Rc1 Be6 37. Re4 Be7 38. Rf4+ Kg8 39. Re4 Ba3
40. Ra1 Bb2 41. Ra2 Bd5 42. Re3 Bc1 43. Rd3 Bf7 44. Ra1 Bg6 45. Rg3 Bg5 46. h4
Bf6 47. Ra2 Bf7 48. a5 Bd8 49. a6 Bxh4 50. Rf3 Bf6 51. Ra3 Be7 52. Ra4 Be8 53.
Ra5 Bd7 54. Re3 Bb4 55. Rd5 Bc6 56. Rdd3 Rxa6 57. Re6 Kf7 58. Ree3 g5 59. Re4
Bxe4 60. Rd4 Ra1+ 61. Kh2 Be1 62. Rxe4 Bxf2 63. Rc4 Ra7 64. Rc3 Kg6 65. Rc6+ Kh5
66. Kg2 Bd4 67. Rc4 Bg7 68. b4 Rb7 69. Kf2 Bf8 70. Rc3 Rxb4 71. Rh3+ Kg6 72. Rd3
Rf4+ 73. Rf3 Rxf3+ 74. Kxf3 Kf5 75. Kg3 Bd6+ 76. Kg2 Kg4 77. Kh1 Kg3 78. Kg1 h5
79. Kh1 h4 80. Kg1 h3 81. Kh1 Kf3 82. Kg1 g4 83. Kh1 g3 84. Kg1 h2+ 85. Kh1 g2#
{White checkmated} 0-1

[Event "Team 45 45 League T39"]
[Site "Internet Chess Club"]
[Date "2008.11.13"]
[Round "4"]
[White "cysk"]
[Black "Maxfield"]
[Result "1-0"]
[WhiteElo "1502"]
[BlackElo "1147"]
[Opening "French: advance variation"]
[ECO "C02"]
[Time "22:00:12"]
[TimeControl "2700+45"]

1. e4 e6 2. d4 d5 3. e5 Ne7 4. Nc3 Ng6 5. Nf3 c5 6. Bg5 Qb6 7. Be3 Nc6 8. a3
cxd4 9. Nxd4 Nxd4 10. Qxd4 Qxb2 11. Bb5+ Bd7 12. Ra2 Qxa2 13. Nxa2 Bxb5 14. a4
Bc4 15. Nc3 Bb4 16. Bd2 O-O 17. Nb5 Bxd2+ 18. Kxd2 Bxb5 19. axb5 Rfc8 20. g3 Rc4
21. Qb2 Rac8 22. Ra1 Ra8 23. f4 a5 24. bxa6 bxa6 25. Qb6 Nf8 26. Rxa6 Rxa6 27.
Qxa6 f6 28. exf6 gxf6 29. f5 Re4 30. Qa8 Rd4+ 31. Kc1 e5 32. c3 Rd3 33. Qc6 h5
34. Kc2 Re3 35. Qxd5+ Kg7 36. Kd2 {Black resigns} 1-0

[Event "Team 45 45 League T39"]
[Site "Internet Chess Club"]
[Date "2008.11.15"]
[Round "4"]
[White "Burning-Bush"]
[Black "BigBadPawn"]
[Result "1/2-1/2"]
[WhiteElo "2092"]
[BlackElo "1981"]
[Opening "QGD semi-Slav"]
[ECO "D43"]
[Time "22:47:30"]
[TimeControl "2700+45"]

1. d4 d5 2. c4 c6 3. Nf3 Nf6 4. Nc3 e6 5. Bg5 h6 6. Bxf6 Qxf6 7. e3 Nd7 8. Bd3
Bb4 9. O-O O-O 10. Rc1 Bd6 11. e4 Bf4 12. e5 Qe7 13. Rc2 f6 14. cxd5 exd5 15.
Re1 fxe5 16. dxe5 Nxe5 17. Nxe5 Bxe5 18. Rce2 Bg4 19. Rxe5 Qxe5 20. Rxe5 Bxd1
21. Nxd1 Rae8 22. Re3 Kf7 23. Kf1 Rxe3 24. Nxe3 Ke6 25. Ke2 b6 26. g3 c5 27. f4
g5 28. f5+ Kd6 29. b3 h5 30. g4 Rh8 31. gxh5 Rxh5 32. Ng4 {Game drawn by mutual
agreement} 1/2-1/2

[Event "Team 45 45 League T39"]
[Site "Internet Chess Club"]
[Date "2008.11.15"]
[Round "4"]
[White "HocusPocus"]
[Black "chess92192"]
[Result "0-1"]
[WhiteElo "1941"]
[BlackElo "1867"]
[Opening "Sicilian: Grand Prix attack"]
[ECO "B23"]
[Time "10:00:14"]
[TimeControl "2700+45"]

1. e4 c5 2. Nc3 Nc6 3. f4 g6 4. Nf3 Bg7 5. Bb5 Nd4 6. O-O Nxb5 7. Nxb5 Nf6 8. d3
d6 9. c4 O-O 10. Qe1 a6 11. Nc3 Qa5 12. Bd2 Rb8 13. Qh4 b5 14. cxb5 axb5 15. f5
b4 16. Ne2 Qb5 17. Nf4 gxf5 18. Rae1 e5 19. Nh5 Nxh5 20. Qxh5 f6 21. Bh6 Qe8 22.
Qh4 Bxh6 23. Qxh6 Qg6 24. Qc1 f4 25. Rf2 Kh8 26. Kh1 Ba6 27. Qd1 Qf7 28. b3 Qh5
29. Rg1 Rg8 30. Rd2 Bc8 31. Qc1 Bg4 32. Rf2 Be6 33. Nd2 Rg6 34. Nf1 Rbg8 35. Qd2
Bh3 36. Qc2 f3 37. g3 Bg2+ 38. Rgxg2 fxg2+ 39. Kxg2 Rh6 40. Kg1 Qh3 41. Qe2 Qg4
42. Rf3 Ra8 43. Kg2 Rg6 44. Ne3 Qe6 45. Nd5 Rf8 46. Qf2 Kg7 47. Rf5 Rg5 48. Rf3
f5 49. h4 Rh5 50. g4 Rh6 51. gxf5 Qf7 52. Kh3 Kh8 53. f6 Qe6+ 54. Kh2 Qg4 55.
Rh3 Rf7 56. Qe1 Rhxf6 57. Nxf6 Rxf6 58. Qe3 h5 59. Qe1 Rf7 60. Qe3 Kh7 61. Qe1
Rf4 62. Qe3 Rf1 63. Rg3 Qxh4+ 64. Rh3 Qf2+ 65. Qxf2 Rxf2+ 66. Kg3 Rxa2 67. Rxh5+
Kg6 68. Rh2 Ra1 69. Kf3 Rb1 70. Ke3 Rxb3 71. Ra2 c4 {White resigns} 0-1

[Event "Team 45 45 League T39"]
[Site "Internet Chess Club"]
[Date "2008.11.15"]
[Round "4"]
[White "John3v16"]
[Black "jefferyx"]
[Result "0-1"]
[WhiteElo "1705"]
[BlackElo "1882"]
[Opening "Sicilian: Boleslavsky variation, 7.Nb3"]
[ECO "B59"]
[Time "16:00:13"]
[TimeControl "2700+45"]

1. e4 c5 2. Nf3 Nc6 3. d4 cxd4 4. Nxd4 Nf6 5. Nc3 d6 6. Be2 e5 7. Nb3 Be7 8. Be3
O-O 9. Qd2 Be6 10. f3 d5 11. exd5 Nxd5 12. Nxd5 Bxd5 13. Nc5 b6 14. Nb7 Qd7 15.
O-O-O Nb4 16. a3 Qxb7 17. axb4 Rfd8 18. Qc3 Bf6 19. Qe1 Rac8 20. Kb1 Qc6 21. c4
Bxc4 22. Rc1 Qb5 23. Qc3 Bxe2 24. Qxc8 Bd3+ {White resigns} 0-1

[Event "Team 45 45 League T39"]
[Site "Internet Chess Club"]
[Date "2008.11.21"]
[Round "4"]
[White "VNKN"]
[Black "pestka"]
[Result "0-1"]
[WhiteElo "2037"]
[BlackElo "2249"]
[Opening "Sicilian: Labourdonnais-Löwenthal (Kalashnikov) variation"]
[ECO "B32"]
[Time "16:00:19"]
[TimeControl "2700+45"]

1. e4 c5 2. Nf3 Nc6 3. d4 cxd4 4. Nxd4 e5 5. Nb5 d6 6. N1c3 a6 7. Na3 Be6 8. Nd5
Nf6 9. Be3 Nxd5 10. exd5 Qa5+ 11. Qd2 Qxd2+ 12. Kxd2 Bxd5 13. Nc4 Be6 14. Nb6
Rd8 15. Bd3 d5 16. c3 d4 17. cxd4 Nxd4 18. Bxd4 Rxd4 19. Ke2 Bc5 20. Na8 Kd7 21.
Rac1 b6 22. b4 Rxb4 23. Rhd1 Kc6 24. a3 Rd4 25. f3 Rxa8 26. Bxh7 g6 27. Rxd4
exd4 28. h4 Rh8 29. h5 Rxh7 30. hxg6 fxg6 31. g4 Rh2+ 32. Kd3 Kd5 33. Re1 Bd7
34. f4 Bb5# {White checkmated} 0-1

[Event "Team 45 45 League T39"]
[Site "Internet Chess Club"]
[Date "2008.11.16"]
[Round "4"]
[White "mechanicalrook"]
[Black "VanillaQueen"]
[Result "0-1"]
[WhiteElo "1503"]
[BlackElo "1894"]
[Opening "Scandinavian defense"]
[ECO "B01"]
[Time "15:05:51"]
[TimeControl "2700+45"]

1. e4 d5 2. exd5 Qxd5 3. Nc3 Qa5 4. Nf3 Nf6 5. d4 Bf5 6. Bd2 c6 7. Bc4 e6 8. Nd5
Qd8 9. Ne3 Bg6 10. O-O Nbd7 11. c3 Bd6 12. h3 Qc7 13. Bb3 O-O-O 14. Bc2 Bh5 15.
Qe2 e5 16. Nf5 e4 17. g4 exf3 18. Qxf3 Bg6 19. Nxd6+ Qxd6 20. Bf4 Qd5 21. Qxd5
Nxd5 22. Bxg6 hxg6 23. Bg3 Rxh3 24. Kg2 Rdh8 25. Rh1 Rxh1 26. Rxh1 Rxh1 27. Kxh1
N7f6 28. f3 Kd7 {White resigns} 0-1